Map: Eternal Empire LE

Players

Netikular

  • Race: Terran Terran
  • League: Silver
  • Spawn Location: 1:00

antagomiR - Winner!

  • Race: Protoss Protoss
  • League: Gold
  • Spawn Location: 7:00

VOD

Have the link to the VOD?

Description

Time

  • Played on: April 18, 2020, 4:44 p.m.
  • Length: 6:12
Show
View Real Time Build Order
Export as new Build Order

Netikular Terran 

Build Orders:  

Get SALT Encoding   

  12  0:01  SCV  
  13  0:14  SCV  
  14  0:21  Supply Depot  
  14  0:26  SCV  
  15  0:35  Supply Depot  
  15  0:45  Refinery  
  15  0:51  Supply Depot  
  15  0:53  SCV  
  16  1:05  Barracks  
  16  1:08  SCV  
  17  1:20  SCV  
  18  1:28  Barracks  
  18  1:41  SCV  
  18  1:43  Barracks  
  19  1:52  Marine  
  20  1:59  SCV  
  21  2:11  Barracks Tech Lab  
  21  2:14  SCV  
  21  2:15  Barracks Tech Lab  
  22  2:22  Barracks  
  22  2:26  SCV  
  23  2:33  Concussive Shells  
  23  2:34  Marauder  
  23  2:35  Marauder  
  27  2:40  Barracks Reactor  
  27  2:48  Refinery  
  27  3:02  Marauder x2  
  31  3:08  SCV  
  32  3:14  Barracks Tech Lab  
  32  3:31  Command Center  
  32  3:56  Marine x2, Marauder x2  
  38  4:05  Command Center  
  39  4:20  Supply Depot  
  38  4:27  Supply Depot x2  
  38  4:28  Supply Depot  
  38  4:42  Marauder  
  40  4:46  Marauder  
  40  4:49  Marauder  
  44  5:05  Marine x2  
  44  5:06  Marauder  
  48  5:15  Marauder  
  50  5:22  Marauder  
  50  5:25  SCV  
  53  5:37  SCV  
Show
View Real Time Build Order
Export as new Build Order

antagomiR Protoss - Winner!

Build Orders:  

Get SALT Encoding   

  12  0:01  Probe  
  13  0:13  Probe  
  14  0:18  Pylon  
  14  0:25  Probe  
  15  0:37  Probe (Chrono Boost)  
  15  0:41  Gateway  
  16  0:49  Probe (Chrono Boost)  
  17  0:53  Assimilator  
  17  0:55  Probe (Chrono Boost)  
  18  1:02  Assimilator  
  18  1:04  Probe  
  19  1:16  Probe  
  20  1:28  Probe  
  20  1:29  Cybernetics Core  
  21  1:33  Pylon  
  21  1:40  Probe  
  22  1:52  Probe  
  23  2:04  Probe  
  24  2:17  Robotics Facility  
  24  2:21  Stalker  
  26  2:24  Probe, Gateway  
  26  2:25  Gateway  
  27  2:32  Warp Gate (Chrono Boost)  
  27  2:42  Probe  
  28  2:58  Probe  
  28  3:02  Stalker  
  31  3:12  Nexus  
  31  3:18  Pylon  
  31  3:35  Stalker  
  31  3:36  Probe, Observer  
  35  3:48  Probe  
  34  3:57  Observer  
  34  4:00  Probe, Stalker  
  38  4:08  Pylon  
  38  4:19  Shield Battery  
  38  4:21  Shield Battery  
  39  4:24  Probe, Stalker x2 (Chrono Boost)  
  39  4:30  Stalker (Chrono Boost)  
  45  4:36  Probe  
  45  4:40  Probe  
  46  4:48  Probe  
  46  4:49  Pylon  
  47  4:53  Sentry x2 (Chrono Boost)  
  47  4:57  Stalker (Chrono Boost)  
  57  5:00  Immortal  
  57  5:24  Probe x2  
  59  5:32  Sentry  
  59  5:33  Zealot x2  
  65  5:41  Probe x2  
  67  5:53  Probe x2, Assimilator  
  67  6:04  Stalker  
  70  6:10  Pylon  
  70  6:11  Pylon  
Tags
 
Matchup
PvT
Replay Pack
20200422
Spawn Locations
Cross Positions
Add a new tag
Caveats
  • Supply blocks, unpowered buildings, or Contaminate may cause inaccurate times.
  • Supply counts are checked every 10 seconds.